 Dungeon Crawl Stone Soup version 0.13-a0-2301-g23820b6 (webtiles) character file.

123 M4edhros the Charlatan (level 4, -1/29 HPs)
             Began as an Octopode Artificer on July 8, 2013.
             Slain by Crazy Yiuf
             ... wielding a +2,+2 quarterstaff of chaos
              (8 damage)
             ... on Level 2 of the Dungeon.
             The game lasted 00:01:33 (1734 turns).

M4edhros the Charlatan (Octopode Artificer)         Turns: 1734, Time: 00:01:33

HP  -1/29        AC  1     Str 10      XL: 4   Next:  1%
MP   6/6         EV 12     Int 15      God:
Gold 65          SH  0     Dex 12      Spells:  0 memorised,  3 levels left

Res.Fire  : . . .   See Invis. : .   e - +1,+0 elf short sword
Res.Cold  : . . .   Warding    : .   (no shield)
Life Prot.: . . .   Conserve   : .   (helmet restricted)
Res.Poison: .       Res.Corr.  : .   (no amulet)
Res.Elec. : .       Clarity    : .   (no ring)
Sust.Abil.: . .     Spirit.Shd : .   (no ring)
Res.Mut.  : .       Stasis     : .   (no ring)
Res.Rott. : .       Flight     : .   (no ring)
Saprovore : . . .                    (no ring)
                                     (no ring)
                                     (no ring)
                                     (no ring)

@: non-regenerating, mildly diseased, drained, slightly resistant to hostile
enchantments, stealthy
A: almost no armour, amphibious, 8 rings, constrict 8, camouflage 1, AC +1
a: no special abilities


You were on level 2 of the Dungeon.
You were very hungry.

You visited 1 branch of the dungeon, and saw 2 of its levels.

You collected 45 gold pieces.

Inventory:

Hand weapons
 e - a +1,+0 elven short sword (weapon)
Magical devices
 b - a wand of flame (15)
 c - a wand of enslavement (15)
 d - a wand of random effects (15)
Comestibles
 f - a bread ration
 k - a meat ration
Scrolls
 a - 3 scrolls of fear {unknown}
 g - 2 scrolls of identify {unknown}
 j - a scroll of amnesia {unknown}
 l - 3 scrolls of remove curse {unknown}
 m - a scroll of teleportation {unknown}


   Skills:
 - Level 1.1(0.8) Fighting
 + Level 1.6(1.3) Short Blades
 - Level 2.5(2.2) Dodging
 + Level 2.5(2.2) Stealth
 - Level 2.7(2.4) Traps
 - Level 4.0(3.7) Evocations


You had 3 spell levels left.
You didn't know any spells.

Dungeon Overview and Level Annotations

Branches:
Dungeon (2/27)

Altars:
the Shining One

Annotations
D:2 Crazy Yiuf


Innate Abilities, Weirdness & Mutations

You cannot wear most types of armour.
You are amphibious.
You can wear up to eight rings at the same time.
You can use your tentacles to constrict many enemies at once.
Your skin changes colour to match your surroundings (Stlth).
Your rubbery body absorbs attacks (AC +1).


Message History

Crazy Yiuf is nearby!
Crazy Yiuf is nearby!
Crazy Yiuf is nearby!
Found an orcish hammer.
Crazy Yiuf shouts!
Crazy Yiuf grits, "Rot!"
Crazy Yiuf barely misses you.
You barely miss Crazy Yiuf. You grab Crazy Yiuf.
You constrict Crazy Yiuf, but do no damage.
Crazy Yiuf hits you with a quarterstaff of chaos.
You feel drained.
You hit Crazy Yiuf.
Crazy Yiuf is lightly wounded.
You constrict Crazy Yiuf.
Crazy Yiuf hits you with a quarterstaff of chaos!
* * * LOW HITPOINT WARNING * * *
You release your grip on Crazy Yiuf.
Crazy Yiuf says, "Crazy?
Crazy!?
PORCUPINE!"
Crazy Yiuf hits you with a quarterstaff of chaos!
You die...

.....# ♣♣.♣♣♣ #......... .....#
♣♣♣.♣♣♣ #.[....... .....#
♣♣♣.♣♣♣ #######'## .....#
♣♣♣♣.♣♣ ##....# '##### ♣♣♣♣.♣♣♣
#..#### )# ♣♣♣)..♣♣ ####.#####
'##### ♣♣....♣♣#### #........#
.....# ##)...###..#####........#
.....#####..####@....##........#
.%...##.#...#..g..##.##........#
.....'..##........##...........#
.....########.....#####......(.#
.....# #...).# #........ .....#
#...(.# #........ .....# #.....#
######## ###### #######


You could see Crazy Yiuf.

Vanquished Creatures
  3 worms (D:2)
  2 giant geckos (D:1)
  8 hobgoblins
  5 jackals (D:1)
  4 bats
  2 giant cockroaches (D:2)
  A giant newt (D:1)
  4 goblins
  6 kobolds
  2 rats (D:1)
37 creatures vanquished.

Notes
Turn   | Place    | Note
--------------------------------------------------------------
     0 | D:1      | M4edhros, the Octopode Artificer, began the quest for the Orb.
     0 | D:1      | Reached XP level 1. HP: 14/14 MP: 1/1
   287 | D:1      | Reached XP level 2. HP: 13/19 MP: 3/3
   795 | D:1      | Reached XP level 3. HP: 20/24 MP: 4/4
  1046 | D:2      | Reached skill level 4 in Evocations
  1403 | D:2      | Found a glowing golden altar of the Shining One.
  1661 | D:2      | Reached XP level 4. HP: 20/29 MP: 6/6
  1710 | D:2      | Noticed Crazy Yiuf
  1734 | D:2      | Slain by Crazy Yiuf

Action                   |  1- 3 |  4- 6 || total
-------------------------+-------+-------++-------
Melee: Short sword       |    82 |     2 ||    84
  Use: Potion            |       |     4 ||     4
 Stab: Sleeping          |     5 |       ||     5
